 Dungeon Crawl Stone Soup version 0.27.1-4-g1640c2035a (webtiles) character file.

Game seed: 1823666260138716255

9 McKennaii the Skirmisher (level 2, 24/24 HPs)
             Began as a Demonspawn Fighter on Nov 12, 2021.
             Quit the game on level 1 of the Dungeon.
             The game lasted 00:00:17 (213 turns).

McKennaii the Skirmisher (Demonspawn Fighter)        Turns: 213, Time: 00:00:17

Health: 24/24      AC:  6    Str: 16    XL:     2   Next: 3%
Magic:  2/2        EV:  6    Int:  9    God:
Gold:   0          SH:  8    Dex: 12    Spells: 1/1 levels left

rFire    . . .     SeeInvis .   a - +0 trident
rCold    . . .     Faith    .   c - +0 kite shield
rNeg     . . .     Spirit   .   b - +0 scale mail
rPois    .         Reflect  .   (no helmet)
rElec    .         Harm     .   (no cloak)
rCorr    .         Rampage  .   (no gloves)
Will     .....                  (no boots)
Stlth    ..........             (no amulet)
HPRegen  0.08/turn              (no ring)
MPRegen  0.08/turn              (no ring)

@: no status effects
A: demonic magic 1
a: no special abilities


You were on level 1 of the Dungeon.
You visited 1 branch of the dungeon, and saw 1 of its levels.

Inventory:

Hand Weapons
 a - a +0 trident (weapon)
Armour
 b - a +0 scale mail (worn)
 c - a +0 kite shield (worn)
Scrolls
 e - a scroll of teleportation {unknown}
Potions
 d - a potion of might


   Skills:
 * Level 3.3 Fighting
 * Level 1.9 Polearms
 + Level 2.7 Armour
 + Level 2.8 Shields


You had one spell level left.
You didn't know any spells.
Your spell library contained the following spells:

 Spells                   Type           Power      Damage    Failure   Level
 Apportation              Tloc           0%         N/A       100%        1


Dungeon Overview and Level Annotations

Branches:
Dungeon (1/15)

Altars:


Innate Abilities, Weirdness & Mutations

Spells you cast may paralyse adjacent enemies.


Message History

You add the spell Apportation to your library.
There is a faded altar of an unknown god here.
No target in view!
You open the door.
A dart slug comes into view.
There is an open door here.
A dart slug is nearby!
A dart slug is nearby!
You hit the dart slug.
The dart slug is moderately wounded.
You block the dart slug's attack.
A dart slug is nearby!
You puncture the dart slug!
You kill the dart slug!
You have reached level 2!
Your demonic ancestry asserts itself...
A menacing aura infuses your magic.
You open the door.
There is an open door here.
Found a stone staircase leading down.
No target in view!
No target in view!
There is a stone staircase leading down here.
Found a hand axe.
Key pressed, stopping explore.
No target in view!
A kobold comes into view. It is wielding a +0 club.
The kobold shouts!
The kobold throws a stone.
The stone closely misses you.
A kobold is nearby!
A kobold is nearby!
You hit the kobold.
The kobold is severely wounded.
The kobold hits you but does no damage.
A kobold is nearby!
You miss the kobold.
The kobold is severely wounded.
A frilled lizard comes into view.
You block the kobold's attack. The kobold barely misses you.
Are you sure you want to abandon this character and quit the game? (Confirm with "yes".)

### ..# #.# #.#
#.######## #........#
#.##.#####.....##.######
#...l.K@...............#
#..............##.####>#
#.......##..#.###.# #.#
#.......##).......# #.#
#.......###.#.##### #.#
#...........#+# #.#
#.......####...## #.#
####.######.....## #..
##.......## ##.


You could see a kobold and a frilled lizard (wandering).

Vanquished Creatures
  2 dart slugs (D:1)
  A ball python (D:1)
  A bat (D:1)
  A goblin (D:1)
5 creatures vanquished.

Vanquished Creatures (others)
  A fungus (D:1)
  A plant (D:1)
2 creatures vanquished.

Grand Total: 7 creatures vanquished

Notes
Turn   | Place    | Note
-------+----------+-------------------------------------------
     0 | D:1      | McKennaii the Demonspawn Fighter began the quest for the
                  | Orb.
     0 | D:1      | Reached XP level 1. HP: 18/18 MP: 1/1
   133 | D:1      | Found a faded altar of an unknown god.
   136 | D:1      | Got Plato's Handbook of the Voyage
   167 | D:1      | Gained mutation: Spells you cast may paralyse adjacent
                  | enemies. [demonic ancestry]
   167 | D:1      | Reached XP level 2. HP: 24/24 MP: 2/2
   213 | D:1      | Quit the game

Illustrated notes

Levels and vault maps discovered:
D:1:      elethiomel_arrival_quiet, layout_loops_corners,
          shapermc_ecumenical_altar_rom_forum

Action                   || total
-------------------------++-------
Melee: Trident           ||    16
Armor: Scale mail        ||     5
Dodge: Dodged            ||     4
Block: Kite shield       ||    10
